 Dungeon Crawl Stone Soup version 0.31-a0-595-g4209ae197b (webtiles) character file.

Game seed: 9980193090151510290

3249 AdnanSaban the Basher (level 9, -2/57 HPs)
             Began as a Gargoyle Fighter on Aug 20, 2023.
             Was a Believer of Okawaru.
             Slain by a bullfrog (4 damage)
             ... on level 8 of the Dungeon.
             The game lasted 00:07:54 (6296 turns).

AdnanSaban the Basher (Gargoyle Fighter)            Turns: 6296, Time: 00:07:54

Health: -2/57      AC: 24    Str: 24    XL:     9   Next: 99%
Magic:  0/9        EV:  7    Int:  9    God:    Okawaru [**....]
Gold:   399        SH:  4    Dex:  9    Spells: 8/8 levels left

rFire   . . .        a - +0 flail
rCold   . . .        c - +0 buckler
rNeg    + + .        B - +0 plate armour
rPois   ∞            h - +2 helmet {SInv}
rElec   +            (no cloak)
rCorr   .            s - +0 pair of gloves
SInv    +            (no boots)
Will    .....        y - amulet of guardian spirit Stlth
                     k - ring of positive energy
HPRegen 0.29/turn    (no ring)
MPRegen 0.11/turn

%: guardian spirit
@: marked
A: sickness immunity, AC +6, negative energy resistance 1, electricity
resistance, torment resistance 1, petrification resistance
a: Renounce Religion, Heroism


You were on level 8 of the Dungeon.
You worshipped Okawaru.
Okawaru was pleased with you.
You visited 2 branches of the dungeon, and saw 9 of its levels.

You collected 399 gold pieces.

Inventory:

Hand Weapons
 a - a +0 flail (weapon)
Missiles
 z - 7 poisoned darts (quivered)
Armour
 c - a +0 buckler (worn)
 h - a +2 helmet of see invisible (worn)
 s - a +0 pair of gloves (worn)
 B - a +0 plate armour (worn)
Jewellery
 k - a ring of positive energy (left hand)
 y - an amulet of guardian spirit (around neck)
 E - a +5 ring of evasion
Wands
 v - a wand of polymorph (12)
Scrolls
 b - 6 scrolls of teleportation {unknown}
 f - 3 scrolls of revelation {unknown}
 g - a scroll of vulnerability {unknown}
 l - a scroll of blinking {unknown}
 n - a scroll of poison {unknown}
 o - 11 scrolls of identify {unknown}
 q - 4 scrolls of summoning {unknown}
 x - 2 scrolls of enchant armour {unknown}
 A - a scroll of noise {unknown}
 C - 3 scrolls of fear {unknown}
 D - a scroll of amnesia {unknown}
Potions
 d - a potion of might
 e - 2 potions of lignification {unknown}
 i - 2 potions of resistance {unknown}
 j - a potion of magic {unknown}
 m - 3 potions of curing {unknown}
 p - 2 potions of haste {unknown}
 r - a potion of enlightenment {unknown}
 t - 2 potions of attraction {unknown}
 u - a potion of degeneration {unknown}
 w - a potion of cancellation {unknown}


   Skills:
 + Level 7.0 Fighting
 + Level 9.6 Maces & Flails
 + Level 2.1 Throwing
 + Level 8.0 Armour
 + Level 1.5 Dodging
 + Level 0.4 Stealth
 + Level 5.1 Shields


You had 8 spell levels left.
You didn't know any spells.
Your spell library contained the following spells:

 Spells                   Type           Power      Damage    Failure   Level
 Magic Dart               Conj           0%         1d3       99%         1
 Searing Ray              Conj           0%         2d4       100%        2
 Wereblood                Tmut           0%         N/A       100%        2
 Inner Flame              Hex/Fire       0%         N/A       100%        3
 Flame Wave               Conj/Fire      0%         2d4       100%        4
 Fulminant Prism          Conj/Hex       0%         3d5       100%        4
 Sticky Flame             Conj/Fire      0%         2d3       100%        4
 Sublimation of Blood     Necr           Unusable   N/A       N/A         2
 Summon Hydra             Summ           Unusable   N/A       N/A         7

Dungeon Overview and Level Annotations

Branches:
Dungeon (8/15)             Temple (1/1) D:4
   Lair: D:8-11

Altars:
Cheibriados
Dithmenos
Fedhas
Gozag
Hepliaklqana
Kikubaaqudgha
Makhleb
Nemelex Xobeh
Okawaru
Qazlal
Ru
Vehumet
Wu Jian
Xom
Yredelemnul
The Shining One


Innate Abilities, Weirdness & Mutations

You are immune to sickness and miasma.
Your stone body is resilient. (AC +6)
You are immune to poison.
You resist negative energy. (rN+)
You are resistant to electric shocks. (rElec)
You are resistant to unholy torment.
You are immune to petrification.


Message History

The howler monkey hoots and howls with incredible vigour!
The gnoll sergeant attacks as it pursues you!
The gnoll sergeant barely misses you.
You hear a shout! x2
The bullfrog attacks as it pursues you!
The bullfrog hits you but does no damage.
The gnoll sergeant pulls the alarm!
The alarm trap emits a blaring wail!
A sentinel's mark forms upon you. The bullfrog barely misses you.
You hear a bellow! x3; You hear a shout!
You hear a bellow! x5
You hear a shout! x9
The bullfrog attacks as it pursues you!
The bullfrog hits you but does no damage.
The gnoll barely misses you.
The gnoll sergeant attacks as it pursues you!
The gnoll sergeant hits you but does no damage.
The bullfrog hits you but does no damage.
The gnoll sergeant hits you but does no damage.
The howler monkey hoots and howls with incredible vigour!
The gnoll hits you with a +0 flail.
* * * LOW HITPOINT WARNING * * *
The bullfrog attacks as it pursues you!
The bullfrog hits you but does no damage.
You block the bullfrog's attack.
The bullfrog hits you but does no damage.
The gnoll sergeant is no longer moving quickly.
The bullfrog attacks as it pursues you!
The bullfrog hits you but does no damage.
The bullfrog barely misses you. The bullfrog hits you.
* * * LOW HITPOINT WARNING * * *
The gnoll sergeant is no longer moving quickly.
The bullfrog hits you but does no damage.
The bullfrog attacks as it pursues you! The bullfrog hits you.
* * * LOW HITPOINT WARNING * * *
The bullfrog hits you but does no damage.
The bullfrog attacks as it pursues you! The bullfrog closely misses you.
The bullfrog attacks as it pursues you! The bullfrog completely misses you.
The bullfrog attacks as it pursues you! The bullfrog hits you.
You die...

#########
##..F....#
#..@##F..#
#..####..#
#.. ##D# #..
##.## #..
##.gg##
#...##/=DYg##
#.......h...#
#.######...##
#...g.#### .


You could see a bullfrog.

Vanquished Creatures
  Sigmund (D:4)
  6 yaks (D:6)
  2 steam dragons
  Menkaure (D:7)
  A water moccasin (D:8)
  An orc warrior (D:7)
  2 centaurs
  An ogre (D:5)
  A kobold brigand (D:6)
  Blork the orc (D:5)
  4 scorpions
  5 wights
  2 mutant beasts (D:7)
  A vampire bat (D:3)
  A howler monkey (D:5)
  A gnoll bouda (D:3)
  3 hounds
  3 jellies
  Jessica (D:3)
  5 iguanas
  Ijyb (D:4)
  10 adders
  12 gnolls
  4 worms
  A dart slug (D:2)
  11 orcs
  7 ball pythons
  13 bats
  10 endoplasms
  6 giant cockroaches
  9 goblins
  2 hobgoblins
  2 jackals (D:8)
  7 kobolds
  6 quokkas
  4 frilled lizards
  4 rats
152 creatures vanquished.

Vanquished Creatures (others)
  A gnoll (D:8)
  A jackal (D:8)
2 creatures vanquished.

Grand Total: 154 creatures vanquished

Notes
Turn   | Place    | Note
-------+----------+-------------------------------------------
     0 | D:1      | AdnanSaban the Gargoyle Fighter began the quest for the
                  | Orb.
     0 | D:1      | Reached XP level 1. HP: 14/14 MP: 1/1
   179 | D:1      | Reached XP level 2. HP: 17/19 MP: 2/2
   808 | D:2      | Reached XP level 3. HP: 20/24 MP: 3/3
  1128 | D:2      | Reached XP level 4. HP: 28/29 MP: 4/4
  1193 | D:2      | Found a faded altar of an unknown god.
  1597 | D:3      | Noticed Jessica
  1603 | D:3      | Killed Jessica
  1604 | D:3      | Reached skill level 3 in Maces & Flails
  1604 | D:3      | Reached XP level 5. HP: 31/34 MP: 5/5
  1902 | D:3      | Found an opulent altar of Gozag.
  2183 | D:4      | Noticed an air elemental
  2183 | D:4      | Found a stormy altar of Qazlal.
  2185 | D:4      | Noticed a water elemental
  2185 | D:4      | Noticed a fire elemental
  2195 | D:4      | Reached skill level 4 in Maces & Flails
  2195 | D:4      | Reached XP level 6. HP: 40/40 MP: 6/6
  2208 | D:4      | Noticed Ijyb
  2218 | D:4      | Killed Ijyb
  2219 | D:4      | Reached skill level 5 in Fighting
  2315 | D:4      | Noticed Sigmund
  2336 | D:4      | Killed Sigmund
  2337 | D:4      | Reached skill level 5 in Maces & Flails
  2337 | D:4      | Reached XP level 7. HP: 17/44 MP: 7/7
  2448 | D:4      | Identified the staff "Vyaboary" {Str-4 Dex+5 Conj}
  2479 | D:4      | Identified the +2 leather armour "Sueruviopp" {-Tele
                  | Rampage Int+2}
  2536 | D:4      | Found a staircase to the Ecumenical Temple.
  2676 | Temple   | Entered the Ecumenical Temple
  2887 | D:3      | Reached skill level 1 in Dodging
  3153 | D:5      | Entered Level 5 of the Dungeon
  3222 | D:5      | Found an iron altar of Okawaru.
  3224 | D:5      | Found a sacrificial altar of Ru.
  3435 | D:5      | Reached skill level 5 in Armour
  3542 | D:5      | Reached skill level 6 in Maces & Flails
  3630 | D:5      | Reached XP level 8. HP: 41/51 MP: 8/8
  3842 | D:5      | Noticed Blork the orc
  3852 | D:5      | Killed Blork the orc
  3976 | D:5      | Reached skill level 7 in Maces & Flails
  4659 | D:6      | Identified the +11 war axe of Lounaczy {vamp, rC+ Str+3}
  4678 | D:6      | Reached skill level 8 in Maces & Flails
  4722 | D:6      | Noticed a yak
  4785 | D:5      | Found a radiant altar of Vehumet.
  4785 | D:5      | Found an ancient bone altar of Kikubaaqudgha.
  4788 | D:5      | Found a snail-covered altar of Cheibriados.
  4793 | D:5      | Became a worshipper of Warmaster Okawaru
  4905 | D:6      | Noticed a yak
  4905 | D:6      | Noticed a yak
  4977 | D:6      | Killed a yak
  4978 | D:6      | Reached XP level 9. HP: 40/55 MP: 6/9
  5236 | D:6      | Reached skill level 1 in Throwing
  5242 | D:6      | Reached * piety under Okawaru
  5441 | D:7      | Noticed Menkaure
  5556 | D:7      | Killed Menkaure
  5557 | D:7      | Reached skill level 9 in Maces & Flails
  5916 | D:7      | Reached ** piety under Okawaru
  5971 | D:7      | Noticed a juvenile shockbat beast
  5988 | D:7      | Reached skill level 5 in Shields
  6293 | D:8      | HP: 2/57 [bullfrog (5)]
  6296 | D:8      | Slain by a bullfrog

Illustrated notes

Levels and vault maps discovered:
D:1:      minmay_arrival_diagonal_passages, layout_rooms, serial_bayou_lagoon_a,
          ebering_dispersal_statue_hall, minivault_24, chequers_big_river,
          st_stairs_2, minmay_octomino_c4
D:2:      layout_rooms, hellmonk_ecumenical_altar_zigzags,
          minmay_three_crescents
D:3:      layout_loops_ring, nicolae_gozag_cash_rules_everything_around_me,
          roderic_batcave, uniq_jessica
D:4:      layout_basic, nicolae_qazlal_style_of_elements,
          minmay_temple_entry_antechambers, uniq_ijyb, uniq_sigmund
D:5:      layout_loops_ring, nicolae_overflow_hidden_temple, uniq_blork_the_orc
D:6:      layout_loops_ring
D:7:      layout_basic, nicolae_beast_mode, uniq_menkaure
D:8:      layout_cave_pools, serial_gnoll_camp, gnoll_camp_huts_basic,
          gnoll_camp_mini_sergeant, gnoll_camp_mini_loothouse,
          gnoll_camp_mini_hut, gnoll_camp_mini_hut, minmay_misc_feat_tower,
          reono_crystal_passage
Temple:   hellmonk_temple_rainy

Skill      XL: |  1  2  3  4  5  6  7  8  9 |
---------------+----------------------------+-----
Fighting       | 4 5 6 7 |  7.0
Armour         | 4 5 6 8 |  8.0
Maces & Flails | 3 4 5 6 8 9 |  9.6
Shields        | 4 5 |  5.1
Dodging        | 1 |  1.5
Throwing       | 2 |  2.1
Stealth        | |  0.4

Action                     |  1- 3 |  4- 6 |  7- 9 || total
---------------------------+-------+-------+-------++-------
  Melee: Flail             |   104 |   171 |   448 ||   723
  Throw: Dart              |       |       |    21 ||    21
 Armour: Chain mail        |    84 |   144 |   134 ||   362
         Scale mail        |     5 |       |       ||     5
         Skin              |       |     4 |       ||     4
         Plate armour      |       |       |   204 ||   204
  Dodge: Dodged            |    57 |    81 |   203 ||   341
  Block: Buckler           |    25 |    36 |   104 ||   165

Table legend: (Time is in decaauts)
 A = Elapsed time spent in this place.
 B = Non-inter-level travel time spent in this place.
 C = Inter-level travel time spent in this place.
 D = Time resting spent in this place.
 E = Time spent auto-exploring this place.
 F = Levels seen in this place.
 G = Mean time per level.
                   A        B        C        D        E       F      G
               +--------+--------+--------+--------+--------+-----+--------+
         Total |   6412 |   6080 |    332 |    426 |   4011 |   9 |  712.4 |
       Dungeon |   6411 |   6079 |    332 |    426 |   4011 |   8 |  801.4 |
        Temple |      1 |      1 |      0 |      0 |      0 |   1 |    1.0 |
               +--------+--------+--------+--------+--------+-----+--------+

Top non-repeatable levels by time:
     D:6: 1419 daAuts
     D:5: 1006 daAuts
     D:3: 950 daAuts
     D:1: 802 daAuts
     D:2: 785 daAuts
     D:4: 710 daAuts
     D:7: 518 daAuts
     D:8: 216 daAuts
  Temple: 1 daAuts
